 Dungeon Crawl Stone Soup version 0.30-b1-2-g02819fbbbe (webtiles) character file.

Game seed: 3236592928151394300

1157 shocktiming the Gusty (level 8, -7/63 HPs)
             Began as a Red Draconian Air Elementalist on June 10, 2023.
             Mangled by Menkaure (19 damage)
             ... on level 6 of the Dungeon.
             The game lasted 00:16:01 (3883 turns).

shocktiming the Gusty (DrAE)                        Turns: 3883, Time: 00:16:02

Health: -7/63      AC:  8    Str: 14    XL:     8   Next: 16%
Magic:  15/15      EV: 12    Int: 18    God:
Gold:   154        SH:  0    Dex: 14    Spells: 13/16 levels left

rFire   + . .        q - +1 long sword "Mowybbef" {flame, Str+3 Dex+3 SInv}
rCold   . . .        (no shield)
rNeg    . . .        (body armour unavailable)
rPois   .            i - +1 hat
rElec   .            (no cloak)
rCorr   .            B - +0 pair of gloves
SInv    +            (no boots)
Will    .....        d - amulet of magic regeneration
Stlth   ++           (no ring)
HPRegen 0.30/turn    (no ring)
MPRegen 0.54/turn

%: no passive effects
@: no status effects
A: breathe fire, AC +6, unfitting armour, fire resistance 1, cold-blooded
a: Breathe Fire


You were on level 6 of the Dungeon.
You visited 1 branch of the dungeon, and saw 5 of its levels.
You also visited: Sewer and Ossuary.

You collected 154 gold pieces.

Inventory:

Hand Weapons
 q - the +1 long sword "Mowybbef" (weapon) {flame, Str+3 Dex+3 SInv}
   (You found it on level 4 of the Dungeon)

   Str:       It affects your strength (+3).
   Dex:       It affects your dexterity (+3).
   SInv:      It lets you see invisible.
Armour
 i - a +1 hat (worn)
 B - a +0 pair of gloves (worn)
Jewellery
 d - an amulet of magic regeneration (around neck)
 r - a ring of protection from cold
 s - a ring of ice
Wands
 n - a wand of flame (16)
Scrolls
 c - 3 scrolls of vulnerability {unknown}
 e - 7 scrolls of identify {unknown}
 g - 2 scrolls of poison {unknown}
 h - 4 scrolls of fear {unknown}
 j - 3 scrolls of teleportation {unknown}
 l - 3 scrolls of immolation {unknown}
 p - 2 scrolls of brand weapon {unknown}
 t - 2 scrolls of enchant weapon {unknown}
 v - a scroll of blinking {unknown}
 y - 2 scrolls of amnesia {unknown}
 z - a scroll of enchant armour {unknown}
 A - 2 scrolls of magic mapping {unknown}
Potions
 a - a potion of magic
 b - 2 potions of haste {unknown}
 f - 2 potions of invisibility {unknown}
 k - a potion of flight {unknown}
 m - 2 potions of curing {unknown}
 o - 4 potions of lignification {unknown}
 u - 2 potions of attraction {unknown}
 w - a potion of might {unknown}
 x - 2 potions of brilliance {unknown}


   Skills:
 * Level 3.4 Fighting
 + Level 3.6 Long Blades
 - Level 2.2 Dodging
 - Level 2.2 Stealth
 + Level 4.8 Spellcasting
 + Level 4.1 Conjurations
 + Level 5.5 Air Magic


You had 13 spell levels left.
You knew the following spells:

 Your Spells              Type           Power      Damage    Failure   Level
a - Shock                 Conj/Air       84%        1d8       1%          1
b - Static Discharge      Conj/Air       42%        2-4/arc   2%          2

Your spell library contained the following spells:

 Spells                   Type           Power      Damage    Failure   Level
 Swiftness                Air            24%        N/A       4%          3
 Freeze                   Ice            16%        1d4       14%         1
 Airstrike                Air            12%        2d(2-18)  14%         4
 Hailstorm                Conj/Ice       11%        3d5       17%         3
 Frozen Ramparts          Ice            8%         1d2       38%         3


Dungeon Overview and Level Annotations

Branches:
Dungeon (6/15)              Sewer (visited)         Ossuary (visited)
 Temple: D:4-7

Altars:
Elyvilon
Gozag
Xom
Zin

Annotations:
D:6 Menkaure


Innate Abilities, Weirdness & Mutations

You can breathe blasts of fire.
Your fiery red scales are hard. (AC +6)
You cannot fit into any form of body armour.
Your flesh is heat resistant. (rF+)
You are cold-blooded and may be slowed by cold attacks.


Message History

You destroy the orc zombie!
No target in view!
You open the door.
An orc skeleton comes into view.
There is an open door here.
The helpless orc skeleton fails to defend itself.
You slash the orc skeleton! You burn the orc skeleton.
You destroy the orc skeleton!
No target in view!
There is an open door here.
You open the door.
Done exploring.
Done exploring.
Done exploring.
There is an open door here.
There is an open door here.
There is a stone staircase leading down here.
You climb downwards.
Found a robe.
Found a stone staircase leading up.
There is a stone staircase leading up here.
Menkaure hits you!!
You barely miss Menkaure. Menkaure barely misses you.
You hit Menkaure but do no damage. Menkaure barely misses you.
You hit Menkaure. You burn Menkaure.
Menkaure is moderately damaged.
Menkaure casts a spell.
Menkaure seems to speed up.
You hit Menkaure. You burn Menkaure.
You tail-slap Menkaure, but do no damage.
Menkaure is heavily damaged.
Menkaure closely misses you.
You completely miss Menkaure.
Menkaure is heavily damaged.
Menkaure calls on the powers of darkness!
Your body is wracked with pain!
Menkaure hits you!
* * * LOW HITPOINT WARNING * * *
You hit Menkaure but do no damage.
Menkaure is heavily damaged.
Menkaure hits you!!
You die...

### ...
#.######
#...M..#
#.[.@..#
##.....#
#..<..#
#.....#
#.<...#
###+###


You could see Menkaure (fast).

Vanquished Creatures
  An ogre (D:4)
  6 elf zombies (Ossuary)
  2 centaur zombies (Ossuary)
  A jelly (D:5)
  2 orc priests (D:4)
  3 hounds
  A sleepcap (D:5)
  5 human zombies
  2 human skeletons (D:5)
  A hell rat (Sewer)
  3 mummies (Ossuary)
  4 adders
  A river rat (Sewer)
  An ufetubus (D:5)
  4 worms
  4 dart slugs
  7 orcs
  A ball python (D:2)
  4 endoplasms
  5 giant cockroaches
  7 goblins
  6 hobgoblins
  7 jackals
  2 quokkas
  3 bats
  3 kobolds
  2 orc skeletons (D:5)
  An orc zombie (D:5)
  9 rats
98 creatures vanquished.

Notes
Turn   | Place    | Note
-------+----------+-------------------------------------------
     0 | D:1      | shocktiming the Draconian Air Elementalist began the quest
                  | for the Orb.
     0 | D:1      | Reached XP level 1. HP: 14/14 MP: 3/3
   364 | D:1      | Reached XP level 2. HP: 20/20 MP: 3/5
   453 | D:1      | Learned a level 2 spell: Static Discharge
   866 | D:2      | Reached XP level 3. HP: 26/26 MP: 3/6
  1387 | D:2      | Found an opulent altar of Gozag.
  1389 | D:2      | You fall into a shaft and drop 2 floors!
  1522 | D:4      | Reached XP level 4. HP: 33/33 MP: 6/8
  1558 | D:4      | Reached skill level 4 in Air Magic
  1670 | D:4      | Reached XP level 5. HP: 38/38 MP: 6/9
  1784 | D:4      | Noticed an ogre
  1793 | D:4      | Killed an ogre
  1918 | D:4      | Identified the +1 long sword "Mowybbef" {flame, Str+3 Dex+3
                  | SInv}
  2363 | D:4      | Reached XP level 6. HP: 43/46 MP: 7/11
  2458 | D:5      | Entered Level 5 of the Dungeon
  2491 | D:5      | Reached skill level 1 in Fighting
  2500 | D:5      | Found a sand-covered staircase.
  2511 | Ossuary  | Entered an ossuary
  2588 | Ossuary  | Reached skill level 1 in Long Blades
  2608 | Ossuary  | Your scales start taking on a fiery red colour.
  2608 | Ossuary  | Reached XP level 7. HP: 44/53 MP: 3/13
  2608 | Ossuary  | Gained mutation: Your flesh is heat resistant. (rF+) [Red
                  | Draconian growth]
  2668 | Ossuary  | Reached skill level 5 in Air Magic
  2836 | D:5      | Found a glowing drain.
  2857 | Sewer    | Entered a sewer
  2931 | Sewer    | Reached XP level 8. HP: 27/59 MP: 7/14
  3239 | D:5      | Found a white marble altar of Elyvilon.
  3241 | D:5      | Found a shimmering altar of Xom.
  3291 | D:5      | Found a glowing silver altar of Zin.
  3875 | D:6      | Noticed Menkaure
  3883 | D:6      | Mangled by Menkaure

Illustrated notes

Levels and vault maps discovered:
D:1:      heliophobic_arrival_glass_houses, layout_basic
D:2:      layout_basic, basic_altar, hex_tiny
D:4:      layout_loops_ring
D:5:      layout_loops_ring, chequers_temple_overflow_statue_of_worship,
          zin_statuary, cheibrodos_sewer_entry_drain,
          nicolae_ossuary_entry_catacombs
D:6:      cheibrodos_thug_alley, layout_basic,
          mainiacjoe_overflow_surrounded_room,
          minmay_temple_entry_gardened_gates, serial_glass, glass_columns_b,
          glass_columns_a, hex_intersection, uniq_pikel, uniq_menkaure

Skill      XL: |  1  2  3  4  5  6  7  8 |
---------------+-------------------------+-----
Dodging        | 2 |  2.2
Stealth        | 2 |  2.2
Air Magic      | 4 5 |  5.5
Spellcasting   | 3 4 |  4.8
Conjurations   | 2 3 4 |  4.1
Fighting       | 1 3 |  3.4
Long Blades    | 1 3 |  3.6

Action                     |  1- 3 |  4- 6 |  7- 9 || total
---------------------------+-------+-------+-------++-------
  Melee: Unarmed           |     7 |       |       ||     7
         Tailslap          |     2 |     3 |    11 ||    16
         Club              |     7 |     1 |       ||     8
         Long sword        |       |    21 |    53 ||    74
         Punch             |       |     1 |       ||     1
   Cast: Shock             |    85 |    90 |    85 ||   260
         Static Discharge  |       |     9 |     5 ||    14
Ability: Breathe Fire      |       |       |     1 ||     1
   Stab: Sleeping          |       |       |     4 ||     4
 Armour: Skin              |    13 |    22 |    26 ||    61
  Dodge: Dodged            |    17 |    35 |    52 ||   104
